[Event "34th Pula Open 2022"]
[Site "Pula"]
[Date "2022.06.20"]
[Round "4.12"]
[White "Boucquet, Emile"]
[Black "Compel, Daniel"]
[Result "0-1"]
[ECO "B50"]
[WhiteElo "2252"]
[BlackElo "2106"]
[Annotator "TA"]
[PlyCount "120"]
[EventDate "2022.06.18"]
[EventType "swiss"]
[EventCountry "CRO"]
[SourceTitle "playchess.com"]
[Source "ChessBase"]
[SourceQuality "1"]
[TimeControl "5400+30"]

1. e4 c5 2. Nf3 d6 3. Bc4 Nf6 4. d3 e6 5. Bb3 Be7 6. O-O O-O 7. c3 Nc6 8. Re1 a6 {[%emt 0:00:37] B50: Sicilian: 2...d6, Miscellaneous.} 9. Nbd2 b5 10. Nf1 Bb7 {[%emt 0:01:03] The position is equal.} 11. Ng3 Qc7 12. Bf4 Ne5 13. Bc2 {[%emt 0:04:37] [#]} Rfe8 $146 ({Predecessor:} 13... a5 14. Rc1 b4 15. d4 Nxf3+ 16. Qxf3 bxc3 17. Qxc3 Rfc8 18. Qd2 Qd8 19. dxc5 dxc5 {0-1 (68) Okhotnik,V (2453)-Takacs,B (2385) Balatonboglar 2016}) 14. Rc1 Rac8 15. h4 Nxf3+ 16. Qxf3 Qa5 17. Bb1 b4 18. Bd2 Qb6 19. h5 h6 20. Qe3 (20. cxb4 $11 cxb4 21. Be3) 20... d5 21. e5 d4 22. Qe2 bxc3 $40 {[%emt 0:02:26][%mdl 128] White needs to defend precisely.} 23. bxc3 Qc6 {[%emt 0:02:08][%csl Gb7][%cal Rc6g2] [#]} 24. f3 dxc3 25. Rxc3 Nd5 {[%emt 0:00:29] Threatens to win with ...Bh4.} 26. Rc4 {[%emt 0:00:12] Against Bh4} f5 {[%emt 0:10:32] Prevents Rg4.} 27. exf6 $1 Bxf6 28. Rg4 (28. Kf1 $11 {remains equal.}) 28... Bd4+ $17 29. Kh1 Nf6 30. Rg6 (30. Rh4 $15) 30... Kh7 31. Ne4 Nxh5 32. Rg4 Qd5 33. Bc2 Qxa2 {[%emt 0:01:23] Active counter play!} 34. Nd6 Qxc2 35. Nxb7 Rc7 36. Nd6 Rf8 37. Rc1 Qb2 38. Nc4 Qb7 39. Qxe6 {[%emt 0:00:34] [#] Strongly threatening Qg6+.} Qc6 (39... Rf6 $17 40. Qe4+ (40. Qe8 Qd5 $17) 40... Qxe4 41. dxe4 g5) 40. Qxc6 (40. Nd6 $15 Rf6 41. Qe4+ Qxe4 42. Nxe4) 40... Rxc6 {[%emt 0:00:05][%cal Bc7c6,Bc6e6,Be6e2,Be2f2,Bf2f3][%mdl 32] Black converts the advantage convincingly.} 41. Ba5 $2 (41. Rh4 $17 Nf6 42. Be3) 41... Nf4 $19 42. Rd1 Rf5 {[%emt 0:01:30] ( -> ...Rh5+)} 43. Be1 (43. Rh4 $142) 43... Re6 44. Bg3 Rh5+ 45. Rh4 Rxh4+ 46. Bxh4 Re2 47. g3 Nh3 {[%emt 0:01:36] White must now prevent ...Nf2+.} 48. g4 Nf2+ 49. Bxf2 Rxf2 {[%emt 0:00:04][%mdl 4096] Endgame KRB-KRN} 50. Rb1 (50. Nd2 {was necessary.}) 50... Rxf3 51. Kg2 Rxd3 52. Rb6 Rc3 53. Nd6 Ra3 54. Nf5 a5 55. Ne7 (55. Ra6 $142) 55... Bf6 56. Nd5 Bd4 57. Ne7 $1 a4 {[%emt 0:00:06] And now ...Ra2+ would win. Black is clearly winning.} 58. Ng6 Ra2+ 59. Kg3 Rf2 60. Kh4 Rf6 {[%emt 0:00:40] Weighted Error Value: White=0.46/Black=0.22 (precise)} 0-1

[Event "34th Pula Open 2022"]
[Site "Pula"]
[Date "2022.06.21"]
[Round "5.1"]
[White "Popovic, Milan S"]
[Black "Fercec, Nenad"]
[Result "1/2-1/2"]
[WhiteElo "2383"]
[BlackElo "2415"]
[Annotator "TA"]
[PlyCount "19"]
[EventDate "2022.06.18"]
[EventType "swiss"]
[EventCountry "CRO"]
[SourceTitle "playchess.com"]
[Source "ChessBase"]
[SourceQuality "1"]
[TimeControl "5400+30"]

1. e4 c5 2. Nf3 g6 3. c3 d5 4. e5 d4 5. cxd4 cxd4 {[%emt 0:00:13] [#]} 6. Bc4 $146 {[%emt 0:00:14] B27: Sicilian: 2 Nf3, unusual Black 2nd moves.} ({Predecessor:} 6. Bb5+ Bd7 7. Bc4 Nc6 8. O-O Bg7 9. Re1 Nh6 10. d3 O-O 11. Bf4 Bg4 12. Nbd2 {1-0 (47) Howell,D (2685)-Claridge Hansen,W (2283) England 2018}) 6... Bg7 7. O-O Nc6 8. Re1 e6 9. d3 Nge7 10. a3 {[%emt 0:01:24] White took control after the opening.  Weighted Error Value: White=0.14 (very precise) /Black=0.17 (very precise)} 1/2-1/2

[Event "34th Pula Open 2022"]
[Site "Pula"]
[Date "2022.06.21"]
[Round "5.2"]
[White "Hadzovic, Amir"]
[Black "De Vleeschauwer, Maarten"]
[Result "0-1"]
[ECO "C26"]
[WhiteElo "2270"]
[BlackElo "2255"]
[Annotator "TA"]
[PlyCount "68"]
[EventDate "2022.06.18"]
[EventType "swiss"]
[EventCountry "CRO"]
[SourceTitle "playchess.com"]
[Source "ChessBase"]
[SourceQuality "1"]
[TimeControl "5400+30"]

1. e4 e5 2. Nc3 Nf6 3. g3 Nc6 4. Bg2 Bc5 5. Nge2 a6 6. d3 d6 7. O-O {[%emt 0:00:21] 7.h3 is vanishing.} Be6 8. Nd5 {[%emt 0:04:39] C26: Vienna Game: 2...Nf6, sidelines .} Ne7 (8... Nd4 $11) 9. Nxf6+ $14 gxf6 {[%emt 0:00:05] [#]} 10. d4 $146 {[%emt 0:00:46] White is slightly better.} ({Predecessor:} 10. c3 Qd7 11. d4 Bb6 12. Be3 O-O-O 13. d5 Bh3 14. Bxb6 cxb6 15. f3 Bxg2 16. Kxg2 {0-1 (29) Novitsky,L (2113)-Popelyshev,I (2190) Kostroma 2008}) 10... Ba7 11. Be3 Qd7 12. d5 Bh3 13. Bxa7 Rxa7 14. f4 h5 15. Qe1 Bxg2 16. Kxg2 h4 17. f5 (17. Qc3 $142) 17... Ra8 (17... hxg3 $11 18. Nxg3 Qa4) 18. a4 (18. gxh4 Qa4 19. Ng3 Rxh4 $15) 18... Nc8 (18... c6 $11 {remains equal.}) 19. Rf3 (19. g4 $16) 19... Ke7 (19... hxg3 $1 $11 20. Rxg3 (20. Qxg3 Nb6 $11) 20... c6) 20. g4 a5 21. Rh3 Nb6 22. b3 Rag8 23. Kf3 (23. Rxh4 Rxh4 24. Qxh4 c6 $14) 23... Nxd5 {[%emt 0:00:14] [#] White must now prevent ...Nb4.} 24. Qxa5 ({Much worse is} 24. exd5 {[#]} Rxg4 $3 25. Kf2 (25. Kxg4 $2 {is the wrong capture.} Rg8+ 26. Kf3 Qxf5+ 27. Ke3 Qxh3+ 28. Kd2 Rg2 $19) 25... Qxf5+ 26. Rf3 Qg5 $15) 24... Nb6 25. c4 Qc6 26. Nc3 Kf8 27. Qb4 Kg7 28. a5 Nd7 29. Nd5 b6 $2 (29... Ra8 $16) 30. a6 $18 Nc5 31. Qc3 {[%emt 0:01:37] Strongly threatening b4.} b5 32. g5 ({Better is} 32. a7 $18) 32... Rh5 $2 (32... fxg5 $16 33. Qe3 f6) 33. gxf6+ Kh7 34. Qe1 {[%emt 0:01:15][%cal Oe1h4] White threatens Qxh4! and mate.} Nxb3 {[%emt 0:01:04][%mdl 32768] Weighted Error Value: White=0.16 (very precise) /Black=0.25 (precise) . Loss on time!?} 0-1

[Event "34th Pula Open 2022"]
[Site "Pula"]
[Date "2022.06.21"]
[Round "5.3"]
[White "Bochnicka, Vladimir"]
[Black "Nikcevic, Nebojsa"]
[Result "0-1"]
[ECO "B38"]
[WhiteElo "2267"]
[BlackElo "2387"]
[Annotator "TA"]
[PlyCount "90"]
[EventDate "2022.06.18"]
[EventType "swiss"]
[EventCountry "CRO"]
[SourceTitle "playchess.com"]
[Source "ChessBase"]
[SourceQuality "1"]
[TimeControl "5400+30"]

1. e4 c5 2. Nf3 Nc6 3. d4 cxd4 4. Nxd4 g6 5. c4 Bg7 6. Be3 Nf6 7. Nc3 O-O 8. Be2 d6 9. O-O a6 10. f3 Nxd4 11. Bxd4 Be6 12. Qd2 Qa5 {[%emt 0:00:38] B38: Sicilian: Maroczy Bind with 5...Bg7 and 7...0-0.} 13. Rab1 (13. a4 {seems wilder.} Nd7 14. Bxg7 Kxg7 15. b3) 13... Rfc8 14. b4 (14. b3 {looks sharper.} Nd7 15. Bxg7 Kxg7 16. a4) 14... Qd8 {[%emt 0:00:34] The position is equal.} 15. Nd5 Bxd5 16. exd5 {[%emt 0:00:34] [#]} a5 $146 ({Predecessor:} 16... Nd7 17. Bf2 a5 18. a3 axb4 19. axb4 Ra3 20. Rfc1 b6 21. Bd4 Qf8 22. Bf2 Bf6 {½-½ (42) Antic,D (2518)-Ivanisevic,I (2530) Novi Sad 2000}) 17. a3 axb4 18. axb4 Nd7 19. Rfc1 Bxd4+ 20. Qxd4 Ra2 21. Bf1 Qb6 {[%emt 0:05:22] Prevents c5.} 22. c5 $1 Qa7 23. Qg4 f5 $2 (23... Rc7 $14) 24. Qg5 $18 Nf6 25. Qe3 Kf8 $2 (25... Rc7 26. Qe6+ Kf8) 26. Kh1 {[%emt 0:03:40] Strongly threatening Qe6.} Rc7 27. Qe6 $2 (27. Qh6+ $18 {is the precise move to win.} Kg8 28. cxd6 (28. Bc4 Ra3 $16) 28... Rxc1 29. Rxc1) 27... Qa3 $16 (27... dxc5 $2 28. d6 b5 29. dxc7 $18) 28. Re1 (28. Rd1 $16 Ne8 29. c6) 28... Ne8 $14 (28... dxc5 $2 29. d6 Rd7 30. dxe7+ Kg7 31. e8=N+ $18) 29. cxd6 (29. c6 $1 $14 Qc3 30. b5) 29... Nxd6 $11 30. Qe5 {[%emt 0:00:11] Threatens to win with Qh8+.} Qc3 31. Qf4 $1 Kf7 32. b5 b6 33. Qh6 Qg7 34. Qe3 Qf6 {[%emt 0:05:22] Active counter play!} ({Black should play} 34... Rb7 $1 $11) 35. Qxb6 $14 Rcc2 36. Re6 (36. Qe3 $1 $16 ) 36... Qg5 $11 37. Qe3 $2 {[%emt 0:02:33] [#]} (37. Qg1 $11 {and White has nothing to worry.}) 37... f4 $1 $19 38. Qe5 {[%emt 0:00:29] [#]} (38. Qe1 $142 Rxg2 39. Be2 (39. Rxe7+ $2 Kf8 $19)) 38... Nf5 $1 39. Re1 $2 ({But not} 39. Qh8 Rxg2 40. Qxh7+ Ke8 $19) (39. d6 exd6 40. Qh8 (40. Rxd6 {gets mated.} Ng3+ 41. hxg3 Qxe5 42. Rd7+ Kg8 43. Rd8+ Kg7 44. g4 Qf6 45. Rd7+ Kh6) 40... Kxe6 41. b6) 39... Rf2 $40 {[%emt 0:03:22][%mdl 128] Black attacks with force.} (39... Rxg2 $142 40. Rxe7+ Nxe7 41. Qxg5 Rxg5) 40. Rxe7+ Qxe7 {[%emt 0:00:09] The board is on fire.} 41. Qxe7+ Nxe7 42. d6 Nf5 {[%emt 0:00:54] And now ...Ne3 would win.} ({Worse is} 42... Nd5 43. Bc4 Rfd2 44. Bxa2 Rxa2 45. Kg1 $19) 43. Bc4+ Kg7 44. d7 $2 (44. Bxa2 Rxa2 45. d7) 44... Rad2 {[%emt 0:00:23] aiming for ...Ne3.} 45. Be6 Rfe2 {[%emt 0:00:30] Never resign too early!  Weighted Error Value: White=0.83/Black=0.29 (precise)} 0-1

[Event "34th Pula Open 2022"]
[Site "Pula"]
[Date "2022.06.21"]
[Round "5.4"]
[White "Kejzar, Petra"]
[Black "Maki-Uuro, Miikka"]
[Result "0-1"]
[ECO "A21"]
[WhiteElo "2055"]
[BlackElo "2332"]
[Annotator "TA"]
[PlyCount "60"]
[EventDate "2022.06.18"]
[EventType "swiss"]
[EventCountry "CRO"]
[SourceTitle "playchess.com"]
[Source "ChessBase"]
[SourceQuality "1"]
[TimeControl "5400+30"]

1. c4 e5 2. Nc3 Bb4 3. g3 Bxc3 4. bxc3 d6 5. Bg2 Nc6 6. d3 Nge7 $1 {[%emt 0:01:13] The main line 6...Nge7 scores better than 6...f5. A21: English Opening: 1...e5 2 Nc3.} 7. Rb1 O-O 8. Nf3 h6 {[%emt 0:08:28] The position is equal.} 9. O-O Rb8 10. Ne1 Be6 11. Nc2 Qd7 12. Ne3 Bh3 13. Nd5 Nxd5 14. cxd5 Bxg2 15. Kxg2 Ne7 16. e4 {[%emt 0:03:50] [#]} f5 $146 ({Predecessor:} 16... c6 17. dxc6 Qxc6 18. Qb3 b6 19. Ba3 Rbc8 20. c4 Kh8 21. Qb5 Qc7 22. f4 {½-½ (22) Schatz,C (2125)-Eiber,M (2185) Bayern 2002}) 17. f3 Rf7 18. Be3 b6 19. Qb3 Rbf8 20. Qb5 Qc8 21. Rb4 (21. Bd2 $11) 21... Ng6 ({Better is} 21... g5 $17 {Strongly threatening ...f4.} 22. Rb2 f4 23. gxf4 gxf4) 22. Ra4 $2 {[%emt 0:05:59] [#] Now White is beyond hope.} (22. exf5 $1 $11 Rxf5 23. Re4) 22... f4 $1 $19 23. Bg1 (23. Bd2) 23... fxg3 24. hxg3 h5 ({Don't go for} 24... a5 $2 25. d4 $19) 25. Bh2 h4 26. Rxa7 (26. Qb2 $142 h3+ 27. Kh1 Rxf3 28. Rxf3 Rxf3 29. Qe2) 26... h3+ 27. Kg1 Rxf3 {[%emt 0:00:49] Black mates.} 28. Rxf3 Rxf3 29. Qa4 Qg4 30. Qc2 Nf4 {[%emt 0:01:29] Weighted Error Value: White=0.87/Black=0.08 (flawless)} 0-1

[Event "34th Pula Open 2022"]
[Site "Pula"]
[Date "2022.06.21"]
[Round "5.5"]
[White "Compel, Daniel"]
[Black "Lim, Zhuo Ren"]
[Result "0-1"]
[ECO "E04"]
[WhiteElo "2106"]
[BlackElo "2290"]
[Annotator "TA"]
[PlyCount "96"]
[EventDate "2022.06.18"]
[EventType "swiss"]
[EventCountry "CRO"]
[SourceTitle "playchess.com"]
[Source "ChessBase"]
[SourceQuality "1"]
[TimeControl "5400+30"]

1. d4 Nf6 2. c4 e6 3. Nf3 d5 4. g3 dxc4 5. Bg2 a6 6. O-O Nc6 7. a4 Rb8 8. e3 {[%emt 0:01:57] E04: Open Catalan: 5 Nf3.} b5 (8... Bd6 $5 ) 9. Nfd2 Bb7 10. axb5 {[%emt 0:01:04] The position is equal.} axb5 11. b3 cxb3 12. Nxb3 {[%emt 0:02:30] [#]} Nb4 $146 ({Predecessor:} 12... Be7 13. Nc3 Nb4 14. Bxb7 Rxb7 15. Ba3 O-O 16. Na5 Rb6 17. Qb1 Nbd5 18. Bxe7 Qxe7 {½-½ (36) Dudin,G (2395)-Hayrapetyan,H (2488) Tornelo INT 2020}) 13. Bxb7 Rxb7 14. Qf3 Rb8 15. Nc3 {[%emt 0:00:01] Inhibits Qd5.} Nbd5 (15... Be7 $1 $15) 16. Ne2 (16. e4 $1 $11 Nxc3 17. Qxc3) 16... Be7 17. Bb2 (17. e4 $11 Nb6 18. Bf4) 17... O-O $17 18. Rfc1 Qd7 19. e4 Nb4 ({Black should play} 19... Nb6 $1 $15) 20. Ra7 {[%emt 0:01:58][%mdl 1024] White has compensation.} Nc6 21. Ra6 $36 {[%emt 0:00:47][%mdl 2048] White is pushing.} Nb4 22. Ra7 Nc6 23. Ra6 Rb6 24. Raa1 Rd8 25. h4 Qe8 26. Nf4 Nb4 27. Rxc7 {[%emt 0:04:45][%cal Od4d5] With the idea d5!} Bd6 28. Rca7 {[%emt 0:06:02] [#] Hoping for e5.} Bxf4 29. gxf4 h5 30. Nc5 Nc6 31. Rc7 {[%emt 0:01:40][%cal Od4d5] aiming for d5!} Nxd4 32. Qe3 {[%emt 0:04:20][%mdl 8192] White is on the road to losing.} (32. Bxd4 $11 {and White stays safe.} Rxd4 33. Raa7) 32... Ng4 $19 {[%emt 0:01:29] Pair of Knights!} 33. Qd3 Rc6 ({Inferior is} 33... e5 34. Raa7 Rf6 35. Re7 $17) 34. Raa7 Rxc7 {[%emt 0:03:45] The board is on fire.} 35. Rxc7 {[%emt 0:00:10] [#]} e5 $1 36. Nb7 Rd7 37. Rxd7 Qxd7 38. Nc5 Qe7 39. Bxd4 ({Wrong is} 39. fxe5 $2 Nxe5 40. Qa3 Ndf3+ 41. Kf1 Nc4 42. Qa8+ Kh7 $19) 39... exd4 40. Qxb5 (40. Qxd4 Qxh4 41. Nd3) 40... Qxh4 {[%emt 0:00:50][%mdl 4096] Endgame KQN-KQN} 41. Qe8+ Kh7 42. Nd3 Qh2+ 43. Kf1 Qh1+ 44. Ke2 Nf6 45. Qxf7 (45. Qe5 $142 Qxe4+ 46. Kd2) 45... Qxe4+ 46. Kd2 Qf3 47. Qe6 Ne4+ 48. Ke1 Qh1+ {[%emt 0:01:20] Weighted Error Value: White=0.70/Black=0.28 (precise)} 0-1

[Event "34th Pula Open 2022"]
[Site "Pula"]
[Date "2022.06.21"]
[Round "5.6"]
[White "Jahncke, Giso"]
[Black "Babic, Drasko"]
[Result "1-0"]
[ECO "A45"]
[WhiteElo "2321"]
[BlackElo "2205"]
[Annotator "TA"]
[PlyCount "107"]
[EventDate "2022.06.18"]
[EventType "swiss"]
[EventCountry "CRO"]
[SourceTitle "playchess.com"]
[Source "ChessBase"]
[SourceQuality "1"]
[TimeControl "5400+30"]

1. d4 Nf6 2. Bf4 g6 3. Nc3 d5 4. e3 c6 5. h4 Nbd7 6. Nf3 {[%emt 0:01:20] A45: Trompowsky Attack.} Bg7 7. Be2 Qb6 8. Rb1 {[%emt 0:00:22] [#] The position is equal.} a5 $146 ({Predecessor:} 8... Ng4 9. h5 e5 10. h6 exf4 11. hxg7 Rg8 12. exf4 Rxg7 13. Ng5 Ngf6 14. Qd2 Nf8 {1-0 (31) Fiorito,F (2362)-Wieczorek,Z (2155) Chess.com INT 2022}) 9. Ne5 h6 10. Na4 Qd8 11. c4 O-O 12. c5 Nxe5 13. Bxe5 Bf5 (13... Nd7 $14) 14. Rc1 $16 h5 15. Rg1 (15. Nb6 $16) 15... Nd7 16. Bxg7 Kxg7 17. g4 (17. Rh1 $15) 17... hxg4 $17 18. Bxg4 Bxg4 19. Qxg4 Rh8 20. f4 {[%emt 0:05:49] Against e5} e6 21. Rh1 Rh5 22. Rc2 Qe7 23. Kd1 Rah8 {[%emt 0:00:34] ...e5 is the strong threat.} 24. Rch2 Qd8 25. Kc1 Nf6 26. Qg3 Ne4 (26... Ng8 $17 27. Nc3 Nh6) 27. Qe1 $1 $15 Qa8 28. Nc3 Nf6 29. Qe2 Qa7 30. Na4 Ne4 31. Rh3 {[%emt 0:00:45] Prevents Ng3.} Qa8 32. R1h2 ({White should play} 32. Qe1 $15) 32... Nf6 33. Nb6 Qd8 34. Qe1 Ng4 35. Rh1 {[%emt 0:01:31] [#]} Qf6 (35... Nh6 $1 $17) 36. Nd7 Qd8 (36... Qf5 {is interesting.} 37. Ne5 Nxe5 38. fxe5 Qd3) 37. Nb6 Qb8 (37... Nh6 $17) 38. Nd7 Qa7 39. Rg1 Nh6 40. e4 {[%emt 0:00:26] Threatens to win with Qe2.} b5 41. Qe2 (41. Ne5 $11) 41... Ng8 42. Ne5 Nf6 ({Black should try} 42... dxe4 $15 43. Qxe4 Ne7) 43. Nxg6 $2 fxg6 $19 44. Rhg3 Qf7 45. f5 Nxe4 $4 (45... exf5 $19 {and all is fine.} 46. exd5 Ng4 47. dxc6 Rxh4) 46. Rxg6+ $18 {[%emt 0:00:26] White is clearly winning.} Kf8 {[%emt 0:00:19] [#]} 47. Qh2 $1 Rxf5 {[%emt 0:12:17] Hoping for ...Rf4.} 48. Qb8+ Ke7 49. Qc7+ (49. Qxh8 Rf1+ 50. Rxf1 Qxf1+ 51. Kc2 Qe2+ 52. Kc1 Qd2+ 53. Kb1 Qd1#) 49... Ke8 50. Qxc6+ Kd8 (50... Kf8 $142 51. Qc8+ Ke7 52. Qc7+ (52. Qxh8 Rf1+ 53. Rxf1 Qxf1+ 54. Kc2 Qe2+ 55. Kc1 Qd2+ 56. Kb1 Qd1#) 52... Ke8 53. Qc8+ Ke7 54. Qc7+ (54. Qxh8 Rf1+ 55. Rxf1 Qxf1+ 56. Kc2 Qe2+ 57. Kc1 Qd2+ 58. Kb1 Qd1#) 54... Ke8 55. Qc8+ Ke7) 51. Qa8+ Ke7 {[%emt 0:01:28] ( -> ...Rf1+)} 52. Qb7+ (52. Qxh8 {leads to mate.} Rf1+ 53. Rxf1 Qxf1+ 54. Kc2 Qe2+ 55. Kc1 Qd2+ 56. Kb1 Qd1#) 52... Ke8 (52... Kf8 $142 53. Qb8+ Ke7 54. Qxb5 (54. Qxh8 {is a self mate.} Rf1+ 55. Rxf1 Qxf1+ 56. Kc2 Qe2+ 57. Kc1 Qd2+ 58. Kb1 Qd1#) 54... Rg5 55. Qb7+ (55. R1xg5 Qf4+ 56. Kc2 Qd2+ 57. Kb3 Qe3+ 58. Kc2 Qd2+ 59. Kb3 Qe3+ 60. Kc2 Qd2+ $11) 55... Kf8 56. Qc8+ Ke7 57. Qc7+ Ke8 58. Qc8+ Ke7 59. Qc7+ Ke8 60. Qc8+ Ke7) 53. Qxb5+ Kd8 54. Rg7 {[%emt 0:02:41] Weighted Error Value: White=0.32/Black=0.34} 1-0

[Event "34th Pula Open 2022"]
[Site "Pula"]
[Date "2022.06.21"]
[Round "5.7"]
[White "Lindgren, Philip"]
[Black "Makovec, Bruno"]
[Result "1/2-1/2"]
[ECO "E05"]
[WhiteElo "2369"]
[BlackElo "2215"]
[Annotator "TA"]
[PlyCount "67"]
[EventDate "2022.06.18"]
[EventType "swiss"]
[EventCountry "CRO"]
[SourceTitle "playchess.com"]
[Source "ChessBase"]
[SourceQuality "1"]
[TimeControl "5400+30"]

1. d4 Nf6 2. c4 e6 3. Nf3 d5 4. g3 Be7 5. Bg2 O-O 6. O-O dxc4 7. Qc2 a6 8. a4 Bd7 9. Qxc4 Bc6 10. Bf4 Bd6 {[%emt 0:01:45] E05: Open Catalan: 5 Nf3 Be7.} 11. Qc1 a5 12. Nc3 Na6 13. Bg5 h6 14. Bxf6 Qxf6 15. e4 {[%emt 0:00:28] [#] aiming for e5.} e5 16. dxe5 Bxe5 17. Nxe5 Qxe5 18. Nd5 Bxd5 19. exd5 Qd6 {[%emt 0:10:50] [#]} 20. Qc4 $146 ({Predecessor:} 20. Re1 Rfe8 21. Qc4 Nc5 22. Qb5 Kf8 23. h4 b6 24. Rac1 Rad8 25. b4 axb4 26. Qxb4 Rxe1+ 27. Rxe1 {0-1 (40) Leenhouts,K (2491)-Hammer,J (2652) Helsingor 2016}) 20... b6 21. Rfe1 Nc5 22. Qb5 Rad8 23. Rad1 Rd7 24. b3 Rfd8 25. Bf1 Re7 26. Bc4 (26. Rxe7 $11 Qxe7 27. b4 axb4 28. Qxb4) 26... Kf8 27. Rxe7 Qxe7 28. b4 axb4 (28... Ne4 $5 29. Re1 Nc3 30. Rxe7 Nxb5 $15) 29. Qxb4 {[%emt 0:00:09] The position is equal.} Qd6 30. Bb5 Kg8 31. Bc6 Nb7 32. Qe4 Nc5 33. Qe3 Nd7 34. Re1 {[%emt 0:02:33] Weighted Error Value: White=0.05 (flawless) /Black=0.06 (flawless)} 1/2-1/2

[Event "34th Pula Open 2022"]
[Site "Pula"]
[Date "2022.06.21"]
[Round "5.8"]
[White "Rohacek, Miroslav"]
[Black "Zufic, Miroslav"]
[Result "0-1"]
[ECO "E11"]
[WhiteElo "2188"]
[BlackElo "2384"]
[Annotator "TA"]
[PlyCount "118"]
[EventDate "2022.06.18"]
[EventType "swiss"]
[EventCountry "CRO"]
[SourceTitle "playchess.com"]
[Source "ChessBase"]
[SourceQuality "1"]
[TimeControl "5400+30"]

1. d4 Nf6 2. c4 e6 3. Nf3 d5 4. g3 Bb4+ 5. Bd2 Be7 6. Bg2 O-O 7. Qc2 c6 8. O-O a5 {[%emt 0:01:07] 8...Nbd7 gains popularity. E11: Bogo-Indian.} 9. a4 Na6 {[%emt 0:06:02][%cal Bb8a6,Ba6b4,Bb4d5][%mdl 32] [#]} 10. Rd1 $146 ({Predecessor:} 10. Rc1 Nb4 11. Bxb4 Bxb4 12. Ne5 Nd7 13. Nd3 Be7 14. Nd2 Nb8 15. Qc3 Na6 16. c5 {0-1 (43) Sumets,A (2585)-Girish,A (2444) Llucmajor 2019}) 10... Ne4 {[%emt 0:06:58] The position is equal.} 11. Be3 (11. Bc3 $5) 11... Nb4 12. Qb3 b6 13. Nbd2 (13. cxd5 $11 cxd5 14. Ne5) 13... Nd6 $17 {[%emt 0:03:26] Black is more active.} 14. Bf4 dxc4 15. Qc3 Nd5 16. Qc2 Ba6 ({Reject} 16... Nxf4 17. gxf4 Qc7 18. Ne5 $11) (16... b5 $1 $17) 17. Bxd6 $11 Qxd6 18. Nxc4 Nb4 19. Qb3 Qc7 20. e3 Rad8 21. Nce5 (21. Na3 $11 {is more appropriate.}) 21... g6 22. Rac1 c5 23. h4 Bb7 24. dxc5 Bd5 {[%emt 0:05:19] A strong pair of Bishops.} 25. Nc4 Qxc5 (25... bxc5 $15 26. Nfe5 Bf6) 26. Nd4 Rc8 27. Bxd5 exd5 28. Ne5 Qxc1 29. Rxc1 Rxc1+ 30. Kg2 Rfc8 31. e4 Bf6 32. Ndf3 Bg7 (32... Kg7 $11) 33. exd5 $18 R1c5 {[%emt 0:00:01] [#]} 34. Nd7 $2 (34. Nxf7 $1 $18 {[%mdl 512] Threatens to win with d6.} Kxf7 35. Ng5+ Kg8 36. Qe3) 34... Rxd5 $11 35. Nxb6 Rd3 $36 {[%emt 0:00:01][%mdl 2048] Black fights for an advantage.} 36. Qxd3 Nxd3 37. Nxc8 Nxb2 {[%emt 0:02:00][%mdl 4096] Endgame KBN-KNN} 38. Ne7+ (38. Nd2 $1 $11) 38... Kf8 $17 39. Nc6 Bc3 40. Nfd4 $1 Ke8 $1 41. Kf3 {[%emt 0:05:44] [#]} Kd7 $1 ({Much worse is} 41... Nxa4 $6 42. Nb3 $11) 42. Ne5+ Ke7 43. Ke4 {[%emt 0:01:13] [#]} (43. Ke3 $17) 43... Nxa4 (43... f6 $1 $19 44. Nef3 (44. Nec6+ Kd6 $17) 44... Nxa4) 44. Kd5 (44. Nb3 $17) 44... Nb6+ $19 45. Kc5 (45. Ke4 {is the only way for White.} f6 46. Nef3) 45... Nd7+ 46. Kc4 {[%emt 0:00:15] Nec6+ is the strong threat.} Nxe5+ 47. Kxc3 {[%emt 0:00:02] KN-KN} Kd6 48. f4 Nc6 49. Nf3 f6 50. Kc4 Ke6 51. Kc5 {[%emt 0:00:24] [#]} (51. g4 $142 a4 52. Kc5) 51... Kf5 $1 52. Kxc6 {[%emt 0:00:21] KN-KP} (52. Nh2 a4) 52... a4 53. Kd5 a3 54. h5 a2 55. Nd4+ Kg4 56. Nc2 Kxh5 (56... gxh5 $142 57. Kc4 Kxg3 58. Kb3 h4 59. Kxa2 Kxf4 60. Nd4 h3 61. Ne2+ Kg4 62. Nc3 h2 63. Ne4 Kf3 64. Nd2+ Kf4 65. Nc4 h5 66. Nd2 h1=Q 67. Nb1 h4 68. Nc3 Qg2+ 69. Kb3 h3 70. Kc4 h2 71. Nd5+ Kg5 72. Kd4 h1=Q 73. Nc3 Qd2+ 74. Kc5 Qxc3+ 75. Kd6 Qb7 76. Ke6 Qe5#) 57. f5 gxf5 {[%emt 0:00:14] Black mates.} 58. Ke6 Kg4 59. Kxf6 h5 {[%emt 0:00:36] Black used his chance.  Weighted Error Value: White=0.74/Black=0.22 (precise)} 0-1